 Dungeon Crawl Stone Soup version 0.26.1-10-gdfb7c7de75 (webtiles) character file.

Game seed: 2810879659250563493

322826 MalarOregon the Unseen (level 22, -7/128 (151) HPs)
             Began as a Halfling Warper on Apr 3, 2021.
             Was the Champion of Dithmenos.
             Killed from afar by a blizzard demon (28 damage)
             ... with a freezing blast
             ... summoned by Asterion
             ... on level 2 of the Vaults.
             The game lasted 02:59:41 (76468 turns).

MalarOregon the Unseen (Halfling Warper)           Turns: 76468, Time: 02:59:41

HP:   -7/128 (151)  AC: 28    Str: 19    XL:     22   Next: 52%
MP:   27/32         EV: 23    Int: 11    God:    Dithmenos [******]
Gold: 3779          SH: 15    Dex: 17    Spells: 9/35 levels left

rFire    + . .     SeeInvis +   z - +4 demon blade (flame)
rCold    . . .     Faith    .   H - +3 warlock's mirror {reflect}
rNeg     . . .     Spirit   .   G - +6 scale mail {Will+}
rPois    .         Reflect  +   V - +2 helmet {SInv}
rElec    .         Harm     .   W - +1 cloak {Will+}
rCorr    .         Rampage  .   Z - +2 pair of gloves
Will     +++..                  x - +1 pair of boots
Stlth    +++++++++.             I - amulet of reflection
HPRegen  0.71/turn              o - ring of protection from cold
MPRegen  0.23/turn              Q - ring of fire

@: wreathed by umbra, heavily drained
A: small, mutation resistance 1, regeneration 1
}: 2/15 runes: barnacled, gossamer
a: Renounce Religion, Shadow Step, Shadow Form


You were on level 2 of the Vaults.
You worshipped Dithmenos.
Dithmenos was exalted by your worship.
You visited 8 branches of the dungeon, and saw 37 of its levels.
You also visited: Sewer and Ossuary.

You collected 4722 gold pieces.
You spent 943 gold pieces at shops.

Inventory:

Hand Weapons
 z - a +4 demon blade of flaming (weapon)
   (You took it off Margery on level 2 of the Vaults)
Missiles
 f - 15 silver boomerangs (quivered)
 k - 95 poisoned darts
 v - 9 throwing nets {!f}
Armour
 x - a +1 pair of boots (worn)
   (You bought it in a shop on level 2 of the Orcish Mines)
 G - a +6 scale mail of willpower (worn)
   (You took it off Harold on level 6 of the Dungeon)
 H - the +3 warlock's mirror (worn) {reflect}
   (You took it off a merfolk on level 4 of the Shoals)
 V - a +2 helmet of see invisible (worn)
   (You bought it in a shop on level 2 of the Orcish Mines)
 W - a +1 cloak of willpower (worn)
   (You bought it in a shop on level 2 of the Orcish Mines)
 Z - a +2 pair of gloves (worn)
   (You found it on level 4 of the Lair of Beasts)
Jewellery
 o - a ring of protection from cold (left hand)
   (You found it on level 3 of the Spider Nest)
 I - an amulet of reflection (around neck)
   (You found it on level 8 of the Dungeon)
 J - an uncursed ring of poison resistance
   (You found it on level 8 of the Dungeon)
 O - an uncursed ring of positive energy
   (You found it on level 10 of the Dungeon)
 Q - a ring of fire (right hand)
   (You took it off an orc sorcerer on level 14 of the Dungeon)
Wands
 c - a wand of disintegration (37)
   (You found it on level 10 of the Dungeon)
 d - a wand of iceblast (17)
   (You found it on level 6 of the Lair of Beasts)
 t - a wand of flame (49)
   (You found it on level 10 of the Dungeon)
 u - a wand of paralysis (24)
   (You found it on level 1 of the Spider Nest)
 y - a wand of enslavement (7)
   (You found it on level 1 of the Elven Halls)
 F - a wand of polymorph (33)
   (You found it on level 8 of the Dungeon)
Scrolls
 b - 7 scrolls of magic mapping
 e - 11 scrolls of identify {@r1}
 g - a scroll of silence
 i - 7 scrolls of fear
 l - 6 scrolls of fog
 A - 20 scrolls of remove curse {@r2}
 D - 4 scrolls of immolation {!r}
 M - 5 scrolls of amnesia
 R - 4 scrolls of blinking
Potions
 a - 3 potions of curing {@q1}
 h - 3 potions of cancellation
 j - 6 potions of magic
 p - 6 potions of ambrosia
 q - 2 potions of haste {@q3}
 r - 8 potions of flight
 s - a potion of might
 C - 7 potions of lignification {!q}
 E - 7 potions of brilliance
 U - a potion of invisibility
 Y - 2 potions of mutation {!q}
Miscellaneous
 m - a condenser vane
   (You found it on level 3 of the Elven Halls)
 K - a tin of tremorstones (inert)
   (You found it on level 6 of the Lair of Beasts)
 L - a box of beasts
   (You found it on level 9 of the Dungeon)
 S - a phantom mirror
   (You found it on level 6 of the Lair of Beasts)
 T - a phial of floods
   (You found it on level 4 of the Shoals)


   Skills:
 + Level 12.9 Fighting
 + Level 13.2 Long Blades
 - Level 9.0 Throwing
 + Level 15.0 Armour
 + Level 15.1 Dodging
 + Level 15.8 Stealth
 - Level 5.6 Shields
 - Level 7.0 Spellcasting
 * Level 11.3 Summonings
 - Level 13.6 Translocations
 - Level 10.0 Invocations


You had 9 spell levels left.
You knew the following spells:

 Your Spells              Type           Power        Failure   Level
a - Gell's Gravitas       Tloc           16%          1%          3
b - Blink                 Tloc           N/A          1%          2
c - Lesser Beckoning      Tloc           16%          1%          3
d - Teleport Other        Tloc           33%          1%          3
e - Summon Forest         Summ/Tloc      15%          6%          5
f - Shadow Creatures      Summ           N/A          47%         6
v - Passage of Golubria   Tloc           N/A          1%          4

Your spell library contained the following spells:

 Spells                   Type           Power        Failure   Level
 Apportation              Tloc           66%          1%          1
 Summon Small Mammal      Summ           100%         1%          1
 Call Imp                 Summ           28%          1%          2
 Call Canine Familiar     Summ           28%          1%          3
 Portal Projectile        Hex/Tloc       36%          7%          3
 Summon Guardian Golem    Hex/Summ       16%          11%         3
 Iskenderun's Mystic Bla  Conj/Tloc      18%          22%         4
 Summon Ice Beast         Ice/Summ       16%          34%         4
 Summon Lightning Spire   Summ/Air       16%          34%         4
 Animate Skeleton         Necr           6%           36%         1
 Corona                   Hex            3%           36%         1
 Foxfire                  Conj/Fire      20%          36%         1
 Magic Dart               Conj           12%          36%         1
 Sandblast                Erth           6%           36%         1
 Shock                    Conj/Air       12%          36%         1
 Corpse Rot               Necr/Air       N/A          50%         2
 Ensorcelled Hibernation  Hex/Ice        6%           50%         2
 Poisonous Vapours        Pois/Air       6%           50%         2
 Searing Ray              Conj           6%           50%         2
 Slow                     Hex            3%           50%         2
 Swiftness                Air            3%           50%         2
 Conjure Flame            Conj/Fire      5%           73%         3
 Dazzling Flash           Conj/Hex       6%           73%         3
 Ignite Poison            Fire/Tmut/Pois 5%           73%         3
 Inner Flame              Hex/Fire       5%           73%         3
 Mephitic Cloud           Conj/Pois/Air  3%           73%         3
 Static Discharge         Conj/Air       3%           73%         3
 Stone Arrow              Conj/Erth      6%           73%         3
 Summon Hydra             Summ           14%          96%         7
 Airstrike                Air            1%           98%         4
 Animate Dead             Necr           1%           98%         4
 Cause Fear               Hex            1%           98%         4
 Fulminant Prism          Conj/Hex       1%           98%         4
 Leda's Liquefaction      Hex/Erth       1%           98%         4
 Sticky Flame             Conj/Fire      5%           98%         4
 Bolt of Magma            Conj/Fire/Erth 2%           100%        5
 Borgnjor's Vile Clutch   Necr/Erth      1%           100%        5
 Fireball                 Conj/Fire      2%           100%        5
 Irradiate                Conj/Tmut      1%           100%        5
 Iskenderun's Battlesphe  Conj           3%           100%        5
 Lee's Rapid Deconstruct  Erth           1%           100%        5
 Lightning Bolt           Conj/Air       1%           100%        5
 Silence                  Hex/Air        1%           100%        5
 Conjure Ball Lightning   Conj/Air       1%           100%        6
 Death Channel            Necr           1%           100%        6
 Eringya's Noxious Bog    Tmut/Pois      1%           100%        6
 Freezing Cloud           Conj/Ice/Air   1%           100%        6
 Hydra Form               Tmut           1%           100%        6
 Iron Shot                Conj/Erth      1%           100%        6
 Simulacrum               Ice/Necr       1%           100%        6
 Starburst                Conj/Fire      2%           100%        6
 Statue Form              Tmut/Erth      2%           100%        6
 Dragon Form              Tmut           1%           100%        7
 Orb of Destruction       Conj           1%           100%        7
 Spellforged Servitor     Conj/Summ      8%           100%        7
 Ignition                 Fire           2%           100%        8
 Shatter                  Erth           1%           100%        9


Dungeon Overview and Level Annotations

Branches:
Dungeon (14/15)            Temple (1/1) D:4            Lair (6/6) D:8
 Shoals (4/4) Lair:2       Spider (4/4) Lair:2        Slime (0/5) Lair:6
    Orc (2/2) D:10            Elf (3/3) Orc:2        Vaults (3/5) D:14
  Crypt (0/3) Vaults:2      Sewer (visited)         Ossuary (visited)

Altars:
Ashenzari
Cheibriados
Dithmenos
Elyvilon
Fedhas
Gozag
Hepliaklqana
Kikubaaqudgha
Makhleb
Nemelex Xobeh
Okawaru
Qazlal
Ru
Sif Muna
Trog
Uskayaw
Vehumet
Wu Jian
Xom
Yredelemnul
Zin
The Shining One
Beogh

Shops:
D:14 !   Orc:2 ?[=(   Elf:1 :   Vaults:2 }

Portals:
Abyss: Orc:1

Annotations:
D:12 exclusion: obsidian statue
Orc:1 2 transporters, 2 runed translucent doors, exclusion: orange crystal statue, Rachuaq's ghost, adept GnSk
Vaults:2 Asterion


Innate Abilities, Weirdness & Mutations

You are small and have problems with some larger weapons.
You are somewhat resistant to further mutation.
Your natural rate of healing is unusually fast.


Message History

Asterion misses your deep elf knight. Asterion gores your deep elf knight!
Something hits your deep elf archer but does no damage.
Something completely misses your deep elf archer.
Asterion blocks your deep elf archer's attack.
Unknown command.
What are your orders? t - Shout!
Orders for allies: a - Attack new target. r - Retreat! s - Stop attacking. g - Guard the area. f - Follow me.
Anything else - Cancel.
Gang up on whom?
Aim: Asterion, wielding a +0 vampiric demon blade, wearing a +0 ring mail and wearing a +2 kite shield (heavily wounded, umbra) Attack!
Asterion hits your deep elf archer with a +0 vampiric demon blade!!
Asterion barely misses your deep elf archer.
Something closely misses your deep elf archer.
Something hits your deep elf archer.
Your deep elf archer points at Asterion and mumbles some strange words.
Asterion appears confused.
You emerge from the shadows.
Your deep elf archer dissolves into shadows!
Asterion hits your ironheart preserver with a +0 vampiric demon blade!!
Asterion gores your ironheart preserver!
There is an open door here.
Your ironheart preserver dissolves into shadows!
Your deep elf knight dissolves into shadows!
What are your orders? t - Shout!
Orders for allies: a - Attack new target. p - Attack previous target. r - Retreat! s - Stop attacking. g - Guard the area. f - Follow me.
Anything else - Cancel.
Gang up on whom?
Aim: Asterion, wielding a +0 vampiric demon blade, wearing a +0 ring mail and wearing a +2 kite shield (heavily wounded, confused, umbra) Attack!
Your deep elf death mage casts a spell at Asterion.
The bolt of negative energy hits Asterion!!
Asterion is drained!
The blizzard demon hits your deep elf death mage!
The blizzard demon closely misses your deep elf death mage.
Your deep elf death mage dissolves into shadows!
Your deep elf knight hits the blizzard demon with a +0 long sword.
Your deep elf knight dissolves into shadows!
Aim: a blizzard demon (lightly wounded, summoned, umbra)
Okay, then.
You feel better. The blizzard demon gestures at you.
The freezing blast engulfs you!!
You die...

.##.#.#.#.#.## #.§§.§§##..
.#.#.#.#.#.#.# ########.§.§§.##..
.#..#.#.#.#..# #......'H....[##..
.#.#.#.#.#.#.# #.....2#......##..
.##.#.#.#.#.## #......#......##..
.#.#.#.#.#.#.# #......#......##..
.##.#.#.#.#.## #......######'####
.'.#.#.^.#.#.# #......# #.....
.###########'###@####'######.....
.# #.......# #......#..... .#
#.......# #......#..... .#
#.[[.>..# #......#..... .#
#...[...# #......+..... .#
#..)....# #......#..... .#
#.......# #......######
.###############'####'###########
.....[...........................


You could see Asterion (confused, drained) and a blizzard demon (summoned).

Vanquished Creatures
  Margery (Vaults:2)
  Xtahua (Vaults:3)
  Arachne (Spider:2)
  3 deep elf blademasters
  Rupert (Spider:1)
  The ghost of MirrMurr the Unforgettable, an adept GnIE of Hepliaklqana (Shoals:4)
  3 deep elf master archers (Elf:3)
  Polyphemus (Shoals:2)
  Donald (Vaults:1)
  A frost giant (Shoals:4)
  9 vault wardens
  5 ghost moths
  8 deep elf sorcerers
  4 deep elf elementalists
  8 emperor scorpions
  5 ironheart preservers
  2 stone giants
  3 deep elf demonologists
  7 deep elf annihilators
  2 entropy weavers
  The ghost of Gonodgh the Peltast, a journeyman MiFi of Cheibriados (D:13)
  6 dire elephants (Lair:6)
  An ettin (Vaults:2)
  A deep elf death mage (Elf:2)
  12 merfolk impalers
  Josephine (D:10)
  7 merfolk javelineers
  3 yaktaur captains
  4 deep elf high priests
  Harold (D:6)
  4 hydras
  Fannar (D:12)
  2 great orbs of eyes (Vaults:2)
  An ice dragon (Vaults:2)
  Erica (Orc:1)
  3 merfolk avatars
  14 vault guards
  A catoblepas (Shoals:3)
  A merfolk aquamancer (Shoals:4)
  6 boulder beetles
  5 centaur warriors
  An anaconda (Lair:6)
  An ogre mage (Vaults:1)
  28 dancing weapons
  2 alligator snapping turtles
  14 death yaks
  7 two-headed ogres
  2 satyrs (Shoals:2)
  4 hell knights (Vaults:2)
  14 deep elf knights
  11 skeletal warriors
  6 deep trolls (Vaults:1)
  14 sea snakes
  A glowing orange brain (Vaults:1)
  20 harpies
  9 ironbrand convokers
  11 deep elf archers
  3 necromancers (Vaults:2)
  3 wizards
  7 orc knights
  An orb spider (shapeshifter) (Elf:3)
  A frost giant zombie (Vaults:2)
  2 sphinx skeletons (Vaults:2)
  7 ugly things
  18 orb spiders
  60 deep elf magi
  A fire giant zombie (Vaults:2)
  12 orc sorcerers
  25 wolf spiders
  2 moths of wrath (Spider:4)
  5 fauns
  14 manticores
  A shining eye (shapeshifter) (Elf:2)
  11 cyclopes
  A fire giant skeleton (Vaults:2)
  6 human skeletons (Vaults:2)
  4 merfolk sirens
  A frost giant skeleton (Vaults:2)
  8 black mambas
  23 elephants
  4 torpor snails
  9 cane toads
  Psyche (D:12)
  7 vault sentinels
  8 water nymphs
  A gargoyle (D:14)
  A rime drake (Lair:1)
  5 komodo dragons
  A kobold demonologist (D:12)
  A komodo dragon (shapeshifter) (D:12)
  A yaktaur skeleton (Vaults:2)
  10 demonic crawlers
  19 yaktaurs
  8 trolls
  8 wind drakes
  30 jumping spiders
  43 merfolk
  2 polar bears
  8 hornets
  8 snapping turtles
  9 blink frogs (Lair:4)
  9 slime creatures
  A stone giant simulacrum (Vaults:2)
  8 dream sheep
  A meliai zombie (D:14)
  A shadow (D:12)
  33 tarantellas
  57 redbacks
  4 water elementals
  6 wraiths
  A wyvern (D:12)
  4 fire elementals
  36 yaks
  A fire bat (shapeshifter) (D:14)
  A basilisk (shapeshifter) (Vaults:1)
  A basilisk (Lair:5)
  4 vampire mosquitoes (D:14)
  6 wargs
  3 acid dragons
  19 water moccasins
  2 nameless horrors
  3 ice beasts
  28 orc warriors
  8 sky beasts
  A hornet zombie (D:7)
  4 phantoms
  A black bear (shapeshifter) (Vaults:2)
  A black bear (Lair:2)
  The ghost of Jaiteiro the Ruffian, an amateur DrTm (D:6)
  30 centaurs
  12 boggarts
  15 ogres
  27 wolves
  An eye of draining (D:13)
  4 big kobolds
  21 bullfrogs
  2 earth elementals
  2 gnoll sergeants
  A human zombie (Vaults:2)
  3 scorpions
  3 killer bees (D:11)
  10 wights
  7 electric eels
  3 howler monkeys
  3 bullfrog zombies
  A centaur skeleton (D:8)
  2 centaur zombies
  4 jellies
  7 hounds
  16 orc priests
  2 bullfrog skeletons
  11 worker ants
  7 hell rats
  35 orc wizards
  3 big kobold zombies (Ossuary)
  A hound zombie (D:10)
  A mummy (Ossuary)
  A worker ant zombie (D:8)
  8 gnolls
  A howler monkey skeleton (D:9)
  A river rat (Sewer)
  14 adders
  3 shadow imps
  2 white imps (D:10)
  An ufetubus (D:8)
  4 oozes
  2 adder skeletons (D:9)
  4 worms
  6 dart slugs
  11 leopard geckos
  92 orcs
  A spectral bat (Ossuary)
  A ball python (D:4)
  6 giant cockroaches
  9 gnoll zombies (Ossuary)
  2 goblins
  9 hobgoblins
  13 jackals
  4 quokkas
  9 bats
  8 bat simulacra (Ossuary)
  A frilled lizard (shapeshifter) (Vaults:3)
  6 frilled lizards
  A giant cockroach zombie (D:5)
  3 goblin simulacra (Ossuary)
  7 goblin zombies (Ossuary)
  2 hobgoblin zombies (Ossuary)
  29 kobolds
  4 kobold simulacra (Ossuary)
  6 kobold zombies (Ossuary)
  3 orc zombies (Ossuary)
  A quokka skeleton (D:5)
  2 quokka zombies
  11 rats
  3 rat simulacra (Ossuary)
  3 spectral goblins (Ossuary)
  5 spectral kobolds (Ossuary)
  4 spectral rats (Ossuary)
1470 creatures vanquished.

Vanquished Creatures (collateral kills)
  The ghost of royokou the Executioner, a veteran MiFi of Makhleb (Vaults:1)
  Gastronok (D:10)
  A merfolk impaler (Shoals:1)
  A satyr (Shoals:4)
  A deep troll (Vaults:1)
  A harpy (Shoals:4)
  A faun (Shoals:3)
  A manticore (Shoals:1)
  A merfolk siren (Shoals:1)
  A water nymph (Shoals:4)
  5 merfolk
  A wind drake (Shoals:3)
  2 dream sheep (Shoals:3)
18 creatures vanquished.

Vanquished Creatures (others)
  A hell knight (Vaults:2)
  A merfolk siren (Shoals:4)
  A boggart (Vaults:3)
  An orc priest (Vaults:2)
  2 orc wizards (Orc:2)
  An orc (Orc:2)
  12 bushes (Lair:4)
  39 fungi
  143 plants
  13 snaplasher vines
214 creatures vanquished.

Grand Total: 1702 creatures vanquished

Notes
Turn   | Place    | Note
-------+----------+-------------------------------------------
     0 | D:1      | MalarOregon the Halfling Warper began the quest for the
                  | Orb.
     0 | D:1      | Reached XP level 1. HP: 14/14 MP: 3/3
   101 | D:1      | Reached XP level 2. HP: 17/19 MP: 4/4
  1158 | D:1      | Reached XP level 3. HP: 17/24 MP: 5/5
  1882 | D:1      | Found a snail-covered altar of Cheibriados.
  2514 | D:2      | Reached XP level 4. HP: 24/29 MP: 6/6
  2880 | D:2      | Reached XP level 5. HP: 31/34 MP: 8/8
  3817 | D:3      | Found a faded altar of an unknown god.
  4508 | D:4      | Found a glowing drain.
  4530 | Sewer    | Entered a sewer
  4542 | Sewer    | Reached XP level 6. HP: 37/40 MP: 9/9
  4689 | Sewer    | Found a white marble altar of Elyvilon.
  4766 | D:4      | Noticed an ogre
  4776 | D:4      | Killed an ogre
  4949 | D:4      | Found a staircase to the Ecumenical Temple.
  4990 | D:4      | Found a snail-covered altar of Cheibriados.
  4998 | D:4      | Found a white marble altar of Elyvilon.
  5038 | D:4      | Reached XP level 7. HP: 45/45 MP: 10/10
  5745 | Temple   | Entered the Ecumenical Temple
  6036 | Temple   | Became a worshipper of Dithmenos the Shadowed
  6120 | D:5      | Entered Level 5 of the Dungeon
  6439 | D:5      | HP: 2/45 [gnoll sergeant/+5 spear of freezing (10)]
  7237 | D:5      | Reached XP level 8. HP: 49/52 MP: 10/12
  7290 | D:5      | Reached * piety under Dithmenos
  7949 | D:5      | Learned a level 2 spell: Blink
  7953 | D:5      | Learned a level 3 spell: Gell's Gravitas
  8221 | D:6      | Reached skill level 5 in Translocations
  8344 | D:6      | Reached skill level 1 in Stealth
  8469 | D:6      | Reached skill level 1 in Invocations
  9046 | D:6      | Noticed a two-headed ogre
  9079 | D:6      | Killed a two-headed ogre
  9080 | D:6      | Reached XP level 9. HP: 38/58 MP: 12/14
  9258 | D:6      | Found a runed translucent gate.
  9261 | D:6      | Found a runed translucent gate.
  9262 | D:6      | Found a runed translucent gate.
  9262 | D:6      | Noticed Jaiteiro's ghost (amateur DrTm)
  9339 | D:6      | Reached skill level 5 in Dodging
 10232 | D:6      | Killed Jaiteiro's ghost
 10361 | D:7      | Found a sparkling altar of Nemelex Xobeh.
 10497 | D:7      | Noticed Harold
 10670 | D:6      | Killed Harold
 10671 | D:6      | Reached skill level 5 in Long Blades
 10671 | D:6      | Reached skill level 5 in Armour
 10671 | D:6      | Reached XP level 10. HP: 32/65 MP: 15/15
 10914 | D:6      | Learned a level 3 spell: Lesser Beckoning
 10918 | D:6      | Learned a level 3 spell: Teleport Other
 10923 | D:6      | Learned a level 4 spell: Passage of Golubria
 11309 | D:8      | Reached ** piety under Dithmenos
 11347 | D:8      | Reached skill level 5 in Throwing
 11380 | D:8      | Found a sand-covered staircase.
 11391 | Ossuary  | Entered an ossuary
 11626 | Ossuary  | Reached *** piety under Dithmenos
 11922 | D:8      | Found a staircase to the Lair.
 12173 | D:8      | Found a hazy altar of Hepliaklqana.
 12566 | D:9      | Reached **** piety under Dithmenos
 12831 | D:9      | Reached skill level 5 in Fighting
 13265 | D:10     | Entered Level 10 of the Dungeon
 13310 | D:10     | Reached XP level 11. HP: 62/71 MP: 17/17
 13316 | D:10     | Reached skill level 5 in Stealth
 13741 | D:10     | Noticed Josephine
 13781 | D:10     | Killed Josephine
 13814 | D:10     | Reached skill level 5 in Invocations
 13994 | D:10     | Found a staircase to the Orcish Mines.
 13996 | D:10     | Noticed Gastronok
 14352 | D:10     | Noticed a two-headed ogre
 14368 | D:10     | Killed a two-headed ogre
 14872 | D:10     | Killed Gastronok
 15234 | D:10     | Found a staircase to the Orcish Mines.
 15705 | D:11     | Noticed a cyclops
 15709 | D:11     | Noticed a boulder beetle
 15719 | D:11     | Killed a cyclops
 15735 | D:11     | Killed a boulder beetle
 16030 | D:11     | Noticed a cyclops
 16044 | D:11     | Killed a cyclops
 16045 | D:11     | Reached skill level 5 in Spellcasting
 16257 | D:11     | Reached XP level 12. HP: 32/78 MP: 19/19
 17917 | D:12     | Reached ***** piety under Dithmenos
 18097 | Lair:1   | Entered Level 1 of the Lair of Beasts
 19628 | Lair:2   | Found a staircase to the Shoals.
 19722 | Lair:2   | You fall into a shaft and drop 1 floor!
 20077 | Lair:2   | Found a hole to the Spider Nest.
 20410 | Lair:2   | Reached XP level 13. HP: 84/84 MP: 21/21
 21163 | Lair:3   | Noticed a seven-headed hydra
 22169 | Lair:3   | Killed a seven-headed hydra
 26646 | Lair:5   | Reached XP level 14. HP: 87/92 MP: 23/23
 28838 | Lair:6   | Entered Level 6 of the Lair of Beasts
 29227 | Lair:6   | Found a staircase to the Slime Pits.
 29826 | Lair:6   | Reached ****** piety under Dithmenos
 31524 | Lair:6   | Noticed a dire elephant
 31524 | Lair:6   | Noticed a dire elephant
 31553 | Lair:6   | Killed a dire elephant
 31554 | Lair:6   | Reached skill level 10 in Translocations
 31570 | Lair:6   | Killed a dire elephant
 31832 | Lair:6   | Identified the Catalogue of the Secret Orbs
 31845 | Lair:6   | Learned a level 5 spell: Summon Forest
 31899 | Lair:6   | Noticed a dire elephant
 31944 | Lair:6   | Killed a dire elephant
 31945 | Lair:6   | Reached XP level 15. HP: 35/99 MP: 25/25
 32628 | Lair:6   | Found a staircase to the Slime Pits.
 33759 | Lair:6   | Found a staircase to the Slime Pits.
 34796 | D:12     | Noticed Psyche
 34812 | D:12     | Killed Psyche
 35021 | D:12     | Reached skill level 1 in Summonings
 35877 | D:12     | Reached skill level 10 in Dodging
 36221 | D:12     | Noticed Fannar
 36269 | D:12     | Killed Fannar
 36345 | D:12     | Reached skill level 10 in Stealth
 36539 | D:13     | HP: 4/99 [komodo dragon (shapeshifter) (25)]
 37399 | D:13     | Found a runed translucent gate.
 37400 | D:13     | Found a runed translucent gate.
 37401 | D:13     | Found a runed translucent gate.
 37403 | D:13     | Identified the +6 chain mail of Skepticism {Regen+ rCorr}
 37403 | D:13     | Noticed Gonodgh's ghost (journeyman MiFi)
 37407 | D:13     | Found a roughly hewn altar of Beogh.
 37500 | D:13     | Reached skill level 10 in Armour
 37954 | D:14     | Found a shimmering blue altar of Sif Muna.
 39193 | D:14     | Found a gate to the Vaults.
 39585 | D:14     | Found Onetwaon's Distillery.
 39691 | Orc:1    | Entered Level 1 of the Orcish Mines
 39691 | Orc:1    | Noticed Erica
 39698 | Orc:1    | Killed Erica
 39713 | Orc:1    | Found a one-way gate to the infinite horrors of the Abyss.
 39713 | Orc:1    | Noticed Rachuaq's ghost (adept GnSk)
 40137 | Orc:1    | Identified the +9 scimitar of the Kidney {distort, Str+4}
 40137 | Orc:1    | Noticed an orc warlord
 40150 | Orc:1    | Found a transporter.
 40150 | Orc:1    | Found a transporter.
 40281 | Orc:1    | Found a runed translucent door.
 40287 | Orc:1    | Found the +10 tower shield of Ignorance {rN+ Int-4}
 40293 | Orc:1    | Found a runed translucent door.
 40451 | Orc:2    | Entered Level 2 of the Orcish Mines
 41233 | Orc:2    | Found a roughly hewn altar of Beogh.
 41336 | Orc:2    | Reached XP level 16. HP: 96/107 MP: 26/26
 41434 | Orc:2    | Found Duyfoakk's Jewellery Boutique.
 41434 | Orc:2    | Found Keruleh's Weapon Emporium.
 41684 | Orc:2    | Found a staircase to the Elven Halls.
 41845 | Orc:2    | Found Eptaf's Antique Armour Emporium.
 41861 | Orc:2    | Paralysed by an orc sorcerer for 7 turns
 41914 | Orc:2    | Found Roumef's Magic Scroll Boutique.
 42118 | Orc:2    | Bought a scroll of enchant weapon for 120 gold pieces
 42118 | Orc:2    | Bought a scroll of fear for 56 gold pieces
 42134 | Orc:2    | Bought a pair of runed boots for 195 gold pieces
 42134 | Orc:2    | Bought a runed helmet for 195 gold pieces
 42134 | Orc:2    | Bought a runed cloak for 195 gold pieces
 42167 | Orc:2    | Bought a glowing scale mail for 182 gold pieces
 42431 | Spider:1 | Entered Level 1 of the Spider Nest
 42641 | Spider:1 | Noticed Rupert
 42667 | Spider:1 | Killed Rupert
 43700 | Spider:2 | Reached skill level 10 in Invocations
 44354 | Spider:2 | Reached skill level 10 in Long Blades
 44782 | Spider:2 | Noticed Arachne
 45590 | Spider:2 | Found a runed translucent door.
 47356 | Spider:3 | Got a crystal demon blade
 47357 | Spider:3 | Identified the +2 demon blade of Punishment {elec, *Slow
                  | Int+3 SInv} (You found it on level 3 of the Spider Nest)
 49058 | Spider:4 | Entered Level 4 of the Spider Nest
 49234 | Spider:4 | Reached XP level 17. HP: 114/114 MP: 27/27
 50736 | Spider:3 | HP: 3/114 [emperor scorpion (3)]
 51703 | Spider:4 | Reached skill level 5 in Summonings
 51800 | Spider:4 | Reached skill level 10 in Fighting
 53077 | Spider:4 | Got a gossamer rune of Zot
 53833 | Spider:2 | Killed Arachne
 54311 | Spider:2 | Reached XP level 18. HP: 95/122 MP: 28/28
 54818 | D:13     | Killed Gonodgh's ghost
 55199 | D:13     | Got a sheer robe
 55376 | Elf:1    | Entered Level 1 of the Elven Halls
 55414 | Elf:1    | Reached skill level 1 in Shields
 55637 | Elf:1    | Identified the Disquisition on Attacks
 55935 | Elf:1    | Found Fakhlui's Book Emporium.
 57233 | Elf:2    | Found a runed translucent gate.
 57234 | Elf:2    | Found a runed translucent gate.
 57235 | Elf:2    | Found a runed translucent gate.
 57400 | Elf:2    | Gained mutation: Your body sometimes deteriorates upon
                  | taking damage. [a shining eye]
 57403 | Elf:2    | Lost mutation: Your body sometimes deteriorates upon taking
                  | damage. [potion of mutation]
 57403 | Elf:2    | Gained mutation: Your natural rate of healing is unusually
                  | fast. [potion of mutation]
 59533 | Elf:3    | Entered Level 3 of the Elven Halls
 59598 | Elf:3    | Identified the cursed +1 mace of Greed {venom, +Fly rC+
                  | Will-} (You found it on level 3 of the Elven Halls)
 59870 | Elf:2    | Reached XP level 19. HP: 90/127 MP: 29/29
 60074 | Elf:3    | Got a smoking robe
 60657 | Elf:3    | Noticed a deep elf blademaster
 60689 | Elf:2    | Killed a deep elf blademaster
 60780 | Elf:3    | HP: 6/128 [acid (16)]
 61650 | Elf:2    | Reached skill level 5 in Shields
 61708 | Elf:3    | Identified the +1 robe of the Depths {Rampage rPois rCorr
                  | Str+2}
 62077 | Elf:3    | Noticed a deep elf blademaster
 62154 | Elf:3    | Killed a deep elf blademaster
 62251 | Elf:3    | Noticed a deep elf blademaster
 62263 | Elf:3    | Killed a deep elf blademaster
 62320 | Elf:3    | Identified the cursed +3 morningstar of Intuition {flame,
                  | Dex+2}
 62567 | Elf:3    | Got a transparent hand crossbow
 63014 | Shoals:1 | Entered Level 1 of the Shoals
 64793 | Shoals:2 | Reached XP level 20. HP: 102/135 MP: 30/30
 65745 | Shoals:2 | Learned a level 6 spell: Shadow Creatures
 66230 | Shoals:3 | Noticed Polyphemus
 66390 | Shoals:2 | Killed Polyphemus
 67155 | Shoals:4 | Entered Level 4 of the Shoals
 67158 | Shoals:4 | Found a runed translucent door.
 67390 | Shoals:4 | Noticed MirrMurr's ghost (adept GnIE)
 67420 | Shoals:4 | Killed MirrMurr's ghost
 67859 | Shoals:4 | Got a polished leather armour
 69788 | Shoals:4 | Got a barnacled rune of Zot
 70180 | Vaults:1 | Entered Level 1 of the Vaults
 70284 | Vaults:1 | Reached XP level 21. HP: 128/139 MP: 31/31
 70710 | Vaults:1 | Noticed Donald
 70851 | Vaults:1 | Killed Donald
 71346 | Vaults:1 | Reached skill level 15 in Stealth
 71740 | Vaults:1 | Reached skill level 10 in Summonings
 71934 | Vaults:1 | Found a runed translucent door.
 72075 | Vaults:1 | Noticed royokou's ghost (veteran MiFi)
 72427 | Vaults:1 | Killed royokou's ghost
 72694 | Vaults:2 | Noticed Margery
 73927 | Vaults:2 | HP: 4/144 [vault warden/+0 war axe (12)]
 74287 | Vaults:2 | Reached XP level 22. HP: 142/150 MP: 32/32
 74385 | Vaults:2 | Killed Margery
 74628 | Vaults:2 | Found Deupocul's Gadget Boutique.
 75028 | Vaults:2 | Found a staircase to the Crypt.
 75591 | Vaults:3 | Reached skill level 15 in Armour
 75598 | Vaults:3 | Reached skill level 15 in Dodging
 75780 | Vaults:3 | Noticed Xtahua
 76177 | Vaults:3 | Killed Xtahua
 76401 | Vaults:3 | Noticed Asterion
 76454 | Vaults:2 | HP: 6/132 [Asterion/orb of electricity (13)]
 76468 | Vaults:2 | Killed from afar by a blizzard demon

Illustrated notes

Levels and vault maps discovered:
D:1:      arrival_zaba_pyramid, layout_basic, cheibriados_altar_1
D:2:      layout_basic
D:3:      layout_basic, chequers_ecumenical_altar_lobes
D:4:      layout_loops_corners, grunt_temple_overflow_open,
          minmay_temple_entry_sparse_star, gup_sewer_entry_pipe
D:5:      layout_loops_corners, minmay_misc_feat_chi, minmay_misc_feat_iff
D:6:      kennysheep_big_flooded_room, layout_loops_corners,
          ebering_ghost_rock_garden, lemuel_flame_loot_1
D:7:      layout_cave_pools, overflow_temple_1_default, uniq_harold
D:8:      layout_gridville, nzn_hepliaklqana_mist_gate, lair_entry_dummy,
          nicolae_ossuary_entry_ruins
D:9:      layout_cave_pools
D:10:     layout_basic, david_orc_3, uniq_josephine, uniq_gastronok
D:11:     minmay_spotlight, layout_irregular_city
D:12:     layout_irregular_city, minmay_statue_bubble, uniq_fannar, uniq_psyche
D:13:     layout_small_grid, biasface_ghost_orc_armoury
D:14:     layout_loops_corners, grunt_vaults_entry_fortified, basic_altar,
          serial_shops, nicolae_shop_behind_doors
Temple:   dpeg_five_rooms_temple
Lair:1:   layout_chaotic_city, grunt_megastairs_2, serial_bayou_shore_a
Lair:2:   layout_concentric_octagons, minmay_shoals_entry_centaurs,
          spider_nest_entry_a, beast_lair_carwin_2
Lair:3:   layout_roguey, serial_bayou, serial_bayou_lagoon_b,
          serial_bayou_lake_a, serial_bayou_pond_c, serial_bayou_shore_b,
          lemuel_fruit_fields
Lair:4:   layout_cave_pods, serial_forest, infiniplex_forest_lined_room_3,
          infiniplex_forest_end_3, infiniplex_forest_clump_small,
          infiniplex_forest_fountain, infiniplex_forest_lined_2
Lair:5:   layout_misc_corridors, nicolae_quartered_pool_little,
          chequers_serial_rivers_micro_e, minivault_23,
          infiniplex_staircase_pool_2
Lair:6:   due_jungle_book, layout_regular_city, nicolae_slime_entry_slimehenge
Shoals:1: layout_shoals, nicolae_shoals_stone_sculpture_thing
Shoals:2: layout_shoals
Shoals:3: layout_shoals, uniq_polyphemus
Shoals:4: shoals_end_grunt_ice, layout_shoals, ebering_ghost_reflecting_pool,
          nicolae_shoals_hunting_party
Spider:1: layout_spider_delve, uniq_rupert
Spider:2: cheibrodos_spider_deadly_dance, spiders_nest_hornet_nest,
          nicolae_spider_cling_halls, uniq_arachne
Spider:3: layout_spider_delve, hangedman_spider_tarantella_strand
Spider:4: johnstein_spider_rune_arachne_lair, drop_trap
Orc:1:    minmay_goldmine, layout_caves, gammafunk_ghost_abyssal_escape,
          chequers_guarded_unrand_ignorance, uniq_erica
Orc:2:    st_orc_town, layout_diamond_mine
Elf:1:    layout_gridlike, serial_shops,
          nicolae_shop_temple_entry_statues_fountains, minmay_elf_sorcery
Elf:2:    layout_loops_ring, abandoned_shop, chequers_big_river,
          nicolae_elf_v_pinch
Elf:3:    minmay_elf_hall_furrowed, layout_loops_ring
Vaults:1: ebering_vaults_ghost_inner_flame, grunt_vaults_focal,
          nicolae_vaults_alarming, nicolae_vaults_specimen_jars,
          nicolae_vaults_little_squares_1, hangedman_vaults_pinch,
          hangedman_vaults_snaps, v_misc_5, nicolae_vaults_angled_halls,
          vaults_dpeg_cross, nicolae_vaults_rhombus_5,
          vaults_room_guarded_vault, layout_vaults_omnibox, uniq_donald
Vaults:2: minmay_crypt_entry_skeletal_spiral, nicolae_vaults_big_angled_halls,
          v_pattern_1, nicolae_vaults_border_crossing, vaults_room_boxed,
          v_misc_29, hangedman_vaults_impose, hangedman_vaults_nails,
          nicolae_vaults_sealed_display, nicolae_vaults_asterisk,
          vaults_room_stairs_pillars, layout_vaults_omnicross, serial_shops,
          shop, uniq_margery
Vaults:3: st_hourglassy, hangedman_vaults_stitches, v_misc_4, vaults_room_grid,
          vaults_mumra_lcd, v_pattern_2, nicolae_vaults_little_ls,
          hangedman_vaults_trim, ontoclasm_vaults_ligature,
          dpeg_vaults_monster_box, nicolae_vaults_theta, layout_vaults_big_room,
          uniq_asterion, uniq_xtahua

Skill      XL: |  1  2  3  4  5  6  7  8  9 10 11 12 13 14 15 16 17 18 19 20 21 22 |
---------------+-------------------------------------------------------------------+-----
Fighting       | 2 3 4 5 6 7 8 9 10 11 12 | 12.9
Armour         | 2 3 4 5 6 7 8 9 10 11 12 13 14 15 | 15.0
Spellcasting   | 2 3 4 5 6 7 |  7.0
Dodging        | 3 4 5 6 7 8 9 10 11 12 13 14 15 | 15.1
Throwing       | 2 3 4 5 6 7 8 9 |  9.0
Translocations | 4 5 6 7 8 9 10 11 12 13 | 13.6
Long Blades    | 3 4 5 6 7 8 9 10 11 12 13 | 13.2
Stealth        | 2 3 4 6 7 8 9 10 11 12 13 14 15 | 15.8
Invocations    | 2 3 4 5 6 7 8 9 10 | 10.0
Summonings     | 2 4 5 6 7 9 10 11 | 11.3
Shields        | 4 5 |  5.6

Action                   |  1- 3 |  4- 6 |  7- 9 | 10-12 | 13-15 | 16-18 | 19-21 | 22-24 || total
-------------------------+-------+-------+-------+-------+-------+-------+-------+-------++-------
Melee: Falchion          |    31 |       |       |       |       |       |       |       ||    31
       Dagger            |   132 |    84 |    54 |       |  1708 |    56 |       |       ||  2034
       Whip              |    31 |   105 |       |       |       |       |       |       ||   136
       Long sword        |       |       |   205 |   912 |   196 |       |       |       ||  1313
       Scimitar          |       |       |       |       |   243 |  1243 |  2191 |    66 ||  3743
       Demon blade       |       |       |       |       |       |   127 |       |   464 ||   591
Throw: Dart              |    26 |       |    51 |   152 |   314 |   523 |    95 |       ||  1161
       Boomerang         |       |       |       |       |     7 |     4 |    69 |     4 ||    84
       Throwing net      |       |       |       |       |       |     2 |     1 |       ||     3
 Cast: Gell's Gravitas   |       |       |       |       |     1 |       |       |       ||     1
       Summon Forest     |       |       |       |       |       |       |    50 |       ||    50
       Shadow Creatures  |       |       |       |       |       |       |       |     1 ||     1
Invok: Shadow Step       |       |       |       |       |     1 |     2 |       |       ||     3
       Shadow Form       |       |       |       |       |       |       |     1 |     1 ||     2
Evoke: Box of beasts     |       |       |       |     1 |       |       |     3 |       ||     4
       Wand              |       |       |       |     4 |    11 |    16 |       |       ||    31
       Tin of tremorston |       |       |       |       |       |     2 |     3 |     1 ||     6
       Condenser vane    |       |       |       |       |       |       |     2 |       ||     2
       Phial of floods   |       |       |       |       |       |       |     1 |       ||     1
  Use: Scroll            |     4 |     1 |       |    21 |    11 |    15 |    14 |     4 ||    70
       Potion            |     3 |       |     1 |       |     3 |    16 |    16 |     2 ||    41
 Stab: Sleeping          |       |       |     1 |     5 |    24 |    22 |    31 |     8 ||    91
       Distracted        |       |       |       |       |     1 |     2 |    20 |       ||    23
       Held in net/web   |       |       |       |       |       |     4 |     1 |       ||     5
       Paralysed         |       |       |       |       |       |     2 |       |       ||     2
       Petrified         |       |       |       |       |       |       |     4 |       ||     4
       Invisible         |       |       |       |       |       |       |     1 |       ||     1
       Petrifying        |       |       |       |       |       |       |     1 |       ||     1
Armor: Leather armour    |    55 |    16 |     6 |       |       |       |       |       ||    77
       Scale mail        |       |       |    41 |   292 |   557 |   782 |   554 |   102 ||  2328
Dodge: Dodged            |   208 |   165 |   265 |  1089 |  2425 |  1675 |  1332 |   281 ||  7440
Block: Other             |       |       |       |   219 |   537 |   327 |       |       ||  1083
       Reflection        |       |       |       |     9 |    14 |    20 |   126 |    25 ||   194
       Buckler           |       |       |       |       |       |   219 |  1329 |   294 ||  1842
       Rpst.: Falchion   |     8 |       |       |       |       |       |       |       ||     8
       Long sword        |       |       |    55 |   291 |    84 |       |       |       ||   430
       Scimitar          |       |       |       |       |    78 |   264 |   267 |    11 ||   620
       Demon blade       |       |       |       |       |       |    42 |       |    67 ||   109
